 Dungeon Crawl Stone Soup version 0.31-a0-18-gea43df2a32 (console) character file.

Game seed: 10363030061256389728

82 petzl the Sneak (level 4, -1/37 HPs)
             Began as a Formicid Delver on May 10, 2023.
             Slain by Terence
             ... wielding a +0 morningstar
              (4 damage)
             ... on level 3 of the Dungeon.
             The game lasted 00:05:00 (1788 turns).

petzl the Sneak (Formicid Delver)                   Turns: 1788, Time: 00:05:00

Health: -1/37      AC:  3    Str: 17    XL:     4   Next: 70%
Magic:  8/8        EV: 12    Int: 11    God:
Gold:   89         SH:  0    Dex: 15    Spells: 9/9 levels left

rFire   . . .        b - +0 quarterstaff
rCold   . . .        (no shield)
rNeg    . . .        l - +0 leather armour
rPois   .            (helmet unavailable)
rElec   .            (no cloak)
rCorr   .            (no gloves)
SInv    +            (no boots)
Will    .....        (no amulet)
Stlth   +++          (no ring)
HPRegen 0.26/turn    (no ring)
MPRegen 0.11/turn

%: no passive effects
@: no status effects
A: permanent stasis, dig shafts and tunnels, antennae 3, four strong arms
a: Dig, Shaft Self


You were on level 3 of the Dungeon.
You visited 1 branch of the dungeon, and saw 5 of its levels.

You collected 89 gold pieces.

Inventory:

Hand Weapons
 a - a +0 sling
 b - a +0 quarterstaff (weapon)
 n - a +0 mace
 o - a +1 heavy hand axe {!f =f}
Armour
 l - a +0 leather armour (worn)
Wands
 f - a wand of digging (3)
Scrolls
 c - a scroll of fog
 d - 2 scrolls of magic mapping
 j - 3 scrolls of identify {unknown}
 k - a scroll of noise {unknown}
Potions
 e - 2 potions of curing {unknown}
 g - a potion of invisibility {unknown}
 h - a potion of resistance {unknown}
 i - a potion of heal wounds {unknown}
 m - a potion of attraction {unknown}
 p - a potion of brilliance {unknown}


   Skills:
 + Level 3.7 Fighting
 - Level 2.1 Maces & Flails
 + Level 0.8 Ranged Weapons
 - Level 1.9 Dodging
 - Level 6.1 Stealth
 + Level 3.0 Spellcasting


You had 9 spell levels left.
You didn't know any spells.
Your spell library contained the following spells:

 Spells                   Type           Power      Damage    Failure   Level
 Alistair's Intoxication  Tmut/Pois      0%         N/A       100%        5
 Borgnjor's Vile Clutch   Necr/Erth      0%         N/A       100%        5
 Eringya's Noxious Bog    Tmut/Pois      0%         N/A       100%        6


Dungeon Overview and Level Annotations

Branches:
Dungeon (5/15)
 Temple: D:4-7

Altars:
Trog
Uskayaw
Vehumet
Xom

Annotations:
D:3 Terence


Innate Abilities, Weirdness & Mutations

You cannot be hasted, slowed, berserked, paralysed or teleported.
You can dig through walls and to a lower floor.
You have a pair of large antennae on your head. (SInv)
Your four strong arms can wield two-handed weapons with a shield.


Message History

The goblin barely misses you. The goblin misses you.
You shoot a sling bullet. The sling bullet hits the goblin!
You kill the goblin!
No target in view!
You see here a +0 dagger {!f =f}.
Found a shimmering altar of Xom.
You now have 89 gold pieces (gained 11).
You sense a monster nearby.
Terence the Incautious comes into view.
He is wielding a +0 morningstar.
Terence is nearby!
Terence is nearby!
o - a +1 heavy hand axe (weapon)
{!f =f} The helpless Terence fails to defend himself.
You slash Terence!
Terence is heavily wounded.
Terence hits you with a +0 morningstar! Terence hits you with a +0 morningstar.
a - a +0 sling (weapon)
Terence misses you.
b - a +0 quarterstaff (weapon)
You hit Terence.
Terence is severely wounded.
Terence barely misses you. x2
You hit Terence but do no damage.
Terence is severely wounded.
Terence hits you with a +0 morningstar.
You barely miss Terence.
Terence is severely wounded.
Terence completely misses you.
You hit Terence.
Terence is almost dead.
Terence hits you with a +0 morningstar! x2
* * * LOW HITPOINT WARNING * * *
You barely miss Terence.
Terence is almost dead.
Terence misses you.
Okay, then.
You hit Terence but do no damage.
Terence is almost dead.
Terence hits you with a +0 morningstar.
You die...

.#...#.♣####...##..##......#.......
..)....'.......###.###.#####....)..
♣♣♣'♣♣♣♣####...#.......#####.......
#.....# #...#.#..#...........##.
#####<## #....................#8.
#..# #(..##..................
#..###.........#...###....#8. #
#....#....###.....#.#.....##.
#######..#.#...#.....##.#..........
##...................##.#..#.......
##..........#.........#...##.......
..............#.......##..##.......
########.##............#. .#######
# #.####..........#. . ## #..
.............. .##### #.##
#.##......... .....# #..#.........
####.## #...@....... ..# #@.......
#####.# #######........
......#####..............
..#.........######.......
##......##### ....... .#).....#
.##...# #...##.## .# ...# ....##...
.. .## ....##..≈≈≈ .. .
....##.≈≈§≈≈ ....##.≈≈_≈≈
....##.≈≈[≈≈ ..... .....#


You could see Terence.

Vanquished Creatures
  An adder (D:2)
  A worm (D:2)
  An orc (D:3)
  10 endoplasms
  4 giant cockroaches
  2 goblins
  6 hobgoblins
  7 jackals (D:1)
  A quokka (D:2)
  5 ball pythons
  8 bats
  3 frilled lizards
  6 kobolds
  7 rats
62 creatures vanquished.

Notes
Turn   | Place    | Note
-------+----------+-------------------------------------------
     0 | D:5      | petzl the Formicid Delver began the quest for the Orb.
     0 | D:5      | Reached XP level 1. HP: 18/18 MP: 1/1
    17 | D:5      | Noticed a gnoll bouda
    19 | D:5      | Noticed an iguana
    47 | D:4      | Noticed a bullfrog
   103 | D:3      | Found a hide-covered altar of Uskayaw.
   137 | D:3      | Found a bloodstained altar of Trog.
   226 | D:2      | Reached XP level 2. HP: 24/24 MP: 2/2
   352 | D:1      | Reached skill level 1 in Spellcasting
   454 | D:1      | Reached XP level 3. HP: 11/29 MP: 5/5
   808 | D:1      | Reached XP level 4. HP: 32/35 MP: 6/8
   879 | D:1      | Found a faded altar of an unknown god.
  1608 | D:3      | Found a radiant altar of Vehumet.
  1761 | D:3      | Found a shimmering altar of Xom.
  1776 | D:3      | Noticed Terence
  1788 | D:3      | Slain by Terence

Illustrated notes

Levels and vault maps discovered:
D:1:      amcnicky_arrival_flooded_fountain, layout_rooms,
          hellmonk_ecumenical_altar_leap_of_faith, nicolae_figureground_sparkle
D:2:      layout_basic
D:3:      layout_rooms, mainiacjoe_overflow_catwalk,
          nicolae_uskayaw_murder_on_the_dancefloor,
          mainiacjoe_overflow_six_doors_small, lemuel_doored_altar,
          small_statue_intersection, minmay_misc_feat_secret_circle,
          uniq_terence, uniq_grinder
D:4:      layout_loops_cross, led_sif_pool, minmay_crystal_water,
          hangedman_abyss_or_decor_lesser_grid, minmay_misc_feat_plants
D:5:      kennysheep_kobold_camp, layout_layer_cave,
          nemelex_diamond_rough_becter

Skill      XL: |  1  2  3  4 |
---------------+-------------+-----
Spellcasting   | 1 2 3 |  3.0
Fighting       | |  3.7
Maces & Flails | |  2.1
Ranged Weapons | |  0.8
Dodging        | |  1.9
Stealth        | |  6.1

Action                     |  1- 3 |  4- 6 || total
---------------------------+-------+-------++-------
  Melee: Mace              |    55 |       ||    55
         Quarterstaff      |    47 |    32 ||    79
         Hand axe          |       |     1 ||     1
   Fire: Sling             |       |    40 ||    40
    Use: Scroll            |     1 |       ||     1
   Stab: Sleeping          |     6 |     4 ||    10
 Armour: Leather armour    |    41 |     6 ||    47
  Dodge: Dodged            |    81 |    29 ||   110

Table legend: (Time is in decaauts)
 A = Elapsed time spent in this place.
 B = Non-inter-level travel time spent in this place.
 C = Inter-level travel time spent in this place.
 D = Time resting spent in this place.
 E = Time spent auto-exploring this place.
 F = Levels seen in this place.
 G = Mean time per level.
                   A        B        C        D        E       F      G
               +--------+--------+--------+--------+--------+-----+--------+
         Total |   1834 |   1763 |     71 |    232 |    928 |   5 |  366.8 |
       Dungeon |   1834 |   1763 |     71 |    232 |    928 |   5 |  366.8 |
               +--------+--------+--------+--------+--------+-----+--------+

Top non-repeatable levels by time:
     D:1: 897 daAuts
     D:2: 539 daAuts
     D:3: 295 daAuts
     D:4: 75 daAuts
     D:5: 27 daAuts
